 Dungeon Crawl Stone Soup version 0.29.1-1-gd02db6906a (webtiles) character file.

Game seed: 10518673622698807056

184 RogueRain17 the Conjurer (level 5, -3/35 HPs)
             Began as a Demonspawn Conjurer on Sept 24, 2022.
             Slain by Grinder (10 damage)
             ... on level 3 of the Dungeon.
             The game lasted 00:05:24 (3615 turns).

RogueRain17 the Conjurer (Demonspawn Conjurer)      Turns: 3615, Time: 00:05:26

Health: -3/35      AC:  2    Str:  7    XL:     5   Next: 36%
Magic:  6/8        EV: 12    Int: 23    God:
Gold:   120        SH:  4    Dex: 12    Spells: 2/8 levels left

rFire   . . .      SeeInvis .   (no weapon)
rCold   . . .      Faith    .   (no shield)
rNeg    . . .      Spirit   .   a - +0 robe
rPois   .          Reflect  .   (helmet restricted)
rElec   .          Harm     .   (no cloak)
rCorr   .          Rampage  .   (no gloves)
Will    .....                   (no boots)
Stlth   ++........              (no amulet)
HPRegen 0.11/turn               (no ring)
MPRegen 0.11/turn               (no ring)

@: no status effects
A: antennae 1, big brain 1, condensation shield
a: no special abilities


You were on level 3 of the Dungeon.
You visited 1 branch of the dungeon, and saw 3 of its levels.

You collected 120 gold pieces.

Inventory:

Armour
 a - a +0 robe (worn)
Jewellery
 e - a ring of positive energy
Scrolls
 c - 5 scrolls of identify {unknown}
 g - a scroll of teleportation {unknown}
 j - 2 scrolls of noise {unknown}
 m - a scroll of brand weapon {unknown}
 o - a scroll of amnesia {unknown}
 p - a scroll of enchant armour {unknown}
Potions
 b - a potion of magic
 d - 3 potions of invisibility {unknown}
 f - a potion of curing
 h - a potion of haste {unknown}
 i - a potion of ambrosia {unknown}
 k - 2 potions of heal wounds {unknown}
 l - 2 potions of might {unknown}
 n - a potion of degeneration {unknown}


   Skills:
 - Level 1.7 Dodging
 - Level 1.7 Stealth
 - Level 2.0 Spellcasting
 + Level 6.3 Conjurations
 + Level 1.9 Hexes


You had 2 spell levels left.
You knew the following spells:

 Your Spells              Type           Power      Damage    Failure   Level
a - Magic Dart            Conj           100%       1d8       1%          1
b - Searing Ray           Conj           62%        2d6       1%          2
c - Dazzling Flash        Conj/Hex       42%        N/A       7%          3

Your spell library contained the following spells:

 Spells                   Type           Power      Damage    Failure   Level
 Call Imp                 Summ           2%         N/A       19%         2
 Mephitic Cloud           Conj/Pois/Air  12%        N/A       16%         3
 Confusing Touch          Hex            11%        N/A       17%         3
 Fulminant Prism          Conj/Hex       10%        3d9       24%         4
 Iskenderun's Mystic Bla  Conj/Tloc      16%        2d5       34%         4
 Yara's Violent Unravell  Hex/Tmut       3%         3d4       94%         5
 Lee's Rapid Deconstruct  Erth           1%         3d5*      98%         5
 Enfeeble                 Hex            5%         N/A       100%        7


Dungeon Overview and Level Annotations

Branches:
Dungeon (3/15)

Altars:

Shops:
D:3 *

Annotations:
D:3 Grinder, Sigmund


Innate Abilities, Weirdness & Mutations

You have a pair of small antennae on your head.
You have an unusually large brain. (Int +2)
A meltable shield of frost defends you. (SH +4)


Message History

You don't know that spell.
The magic dart hits Grinder.
Grinder is lightly wounded.
The magic dart hits Grinder.
Grinder is lightly wounded.
Casting: Magic Dart (safe; 1% risk of failure)
Confirm with . or Enter, or press ? or * to list all spells.
Aiming: Searing Ray (safe; 1% risk of failure)
Press: ? - help, Shift-Dir - straight line, f/p - Grinder
Aim: Grinder (lightly wounded, 77% to hit)
The searing ray hits Grinder.
Grinder is moderately wounded. (Press . to maintain the ray.)
The searing ray hits Grinder.
Grinder is moderately wounded.
The searing ray hits Grinder!
Grinder is heavily wounded.
The searing ray hits Grinder!
Grinder is severely wounded.
You finish channelling your searing ray.
Grinder gestures at you. Pain shoots through your body!
The magic dart hits Grinder.
Grinder is almost dead.
Grinder hits you.
You writhe in agony.
Magic courses through your body. Grinder misses you.
The magic dart hits Grinder but does no damage.
Grinder is almost dead.
Grinder hits you!
You writhe in agony.
* * * LOW HITPOINT WARNING * * *
Casting: Magic Dart (safe; 1% risk of failure)
Confirm with . or Enter, or press ? or * to list all spells.
Aiming: Searing Ray (safe; 1% risk of failure)
Press: ? - help, Shift-Dir - straight line, f/p - Grinder
Aim: Grinder (almost dead, 77% to hit)
The searing ray hits Grinder.
Grinder is almost dead. (Press . to maintain the ray.) Grinder hits you!
You die...

#.# #### #.#
#... #.# #.##
#####.# #.#
#.....# #.#
#.###.# #.#
#########.#
#>###.##
#.........#
#.......
#..@....#.#
#.......
#..5##....#
#####.##
#..?..#...#
#.##
#...##.#....
#...
##....#.#....
###. #..##
#.#.#.# #.
#... .#.#.#
#. #.._ #
#.#. #.
#†#.#. #.


You could see Grinder.

Vanquished Creatures
  Natasha (thrice) (D:3)
  4 adders
  A worm (D:2)
  2 dart slugs
  An orc (D:3)
  11 ball pythons
  11 bats
  6 endoplasms
  3 giant cockroaches
  8 goblins
  6 hobgoblins
  2 kobolds (D:1)
  2 quokkas
  A frilled lizard (D:2)
  7 rats
68 creatures vanquished.

Vanquished Creatures (others)
  3 fungi (D:3)
  4 plants (D:3)
7 creatures vanquished.

Grand Total: 75 creatures vanquished

Notes
Turn   | Place    | Note
-------+----------+-------------------------------------------
     0 | D:1      | RogueRain17 the Demonspawn Conjurer began the quest for the
                  | Orb.
     0 | D:1      | Reached XP level 1. HP: 13/13 MP: 3/3
   340 | D:1      | Gained mutation: You have an unusually large brain. (Int
                  | +2) [demonic ancestry]
   340 | D:1      | Reached XP level 2. HP: 19/19 MP: 1/5
  1077 | D:1      | Reached skill level 5 in Conjurations
  1104 | D:1      | Reached XP level 3. HP: 24/24 MP: 2/6
  1356 | D:1      | Learned a level 2 spell: Searing Ray
  2288 | D:2      | Gained mutation: You have a pair of small antennae on your
                  | head. [demonic ancestry]
  2288 | D:2      | Reached XP level 4. HP: 30/30 MP: 5/7
  2714 | D:3      | Noticed Sigmund
  2751 | D:3      | Learned a level 3 spell: Dazzling Flash
  2845 | D:3      | Noticed Natasha
  2849 | D:3      | Killed Natasha
  2850 | D:3      | Reached skill level 6 in Conjurations
  2883 | D:3      | Reached skill level 1 in Hexes
  3026 | D:3      | Noticed Natasha
  3328 | D:3      | Found Opnuigha's General Store.
  3366 | D:3      | Killed Natasha
  3367 | D:3      | Gained mutation: A meltable shield of frost defends you.
                  | (SH +4) [demonic ancestry]
  3367 | D:3      | Reached XP level 5. HP: 29/35 MP: 0/8
  3535 | D:3      | Noticed Natasha
  3538 | D:3      | Killed Natasha
  3605 | D:3      | Found a faded altar of an unknown god.
  3605 | D:3      | Noticed Grinder
  3615 | D:3      | Slain by Grinder

Illustrated notes

Levels and vault maps discovered:
D:1:      sevenhm_arrival_forest_fort_large_2, layout_loops_corners
D:2:      layout_loops_ring
D:3:      layout_loops_ring, serial_shops, shop,
          shapermc_ecumenical_altar_rom_forum, uniq_natasha, uniq_sigmund,
          uniq_grinder

Skill      XL: |  1  2  3  4 |
---------------+-------------+-----
Conjurations   | 5 6 |  6.3
Hexes          | 1 |  1.9
Dodging        | |  1.7
Stealth        | |  1.7
Spellcasting   | |  2.0

Action                   |  1- 3 |  4- 6 || total
-------------------------+-------+-------++-------
Melee: Unarmed           |     3 |       ||     3
 Cast: Magic Dart        |    87 |    47 ||   134
       Searing Ray       |       |     3 ||     3
       Dazzling Flash    |       |     1 ||     1
  Use: Potion            |       |     1 ||     1
Dodge: Dodged            |     9 |     6 ||    15
